 Dungeon Crawl Stone Soup version 0.29-a0-732-g3d7fbe0af2 (webtiles) character file.

Game seed: 17652263973696109076

156 buhh the Insei (level 5, -17/46 HPs)
             Began as a Meteoran Transmuter on June 29, 2022.
             Killed by an exploding worm (27 damage)
             ... ignited by their inner flame
             ... on level 5 of the Dungeon.
             The game lasted 00:05:33 (1377 turns).

buhh the Insei (Meteoran Transmuter)                Turns: 1377, Time: 00:05:34

Health: -17/46     AC:  3    Str: 11    XL:     5   Next: 97%
Magic:  10/10      EV: 12    Int: 17    God:
Gold:   159        SH:  0    Dex: 14    Spells: 8/9 levels left

rFire   . . .      SeeInvis +     - Unarmed
rCold   . . .      Faith    .   (no shield)
rNeg    . . .      Spirit   .   a - +1 robe
rPois   .          Reflect  .   (no helmet)
rElec   .          Harm     .   (no cloak)
rCorr   .          Rampage  .   (no gloves)
Will    .....                   (no boots)
Stlth   +.........              (no amulet)
HPRegen 0.15/turn               c - ring of see invisible
MPRegen 0.12/turn               (no ring)

@: brilliant, lethally poisoned (-17 -> -22), glowing
A: sense surroundings 1, otherworldly, glowing, explore regen
a: no special abilities


You were on level 5 of the Dungeon.
You visited 1 branch of the dungeon, and saw 5 of its levels.

You collected 159 gold pieces.

Inventory:

Armour
 a - a +1 robe (worn)
Jewellery
 c - a ring of see invisible (left hand)
 e - a ring of fire
 g - a ring of wizardry
Wands
 f - a wand of flame (14)
Scrolls
 F - a scroll of enchant weapon
 T - a scroll of immolation {!d}
Potions
 k - a potion of degeneration {unknown}
 N - a potion of curing {!q!d}


   Skills:
 + Level 3.9 Fighting
 - Level 2.4 Dodging
 + Level 5.6 Unarmed Combat
 - Level 2.6 Spellcasting
 - Level 2.4 Transmutations


You had 8 spell levels left.
You knew the following spells:

 Your Spells              Type           Power      Damage    Failure   Level
a - Beastly Appendage     Tmut           30%        N/A       7%          1

Your spell library contained the following spells:

 Spells                   Type           Power      Damage    Failure   Level
 Wereblood                Tmut           15%        N/A       10%         2
 Spider Form              Tmut/Pois      9%         N/A       32%         3
 Ice Form                 Ice/Tmut       9%         N/A       73%         4


Dungeon Overview and Level Annotations

Branches:
Dungeon (5/15) Zot: 1631
 Temple: D:4-7

Altars:
Fedhas


Innate Abilities, Weirdness & Mutations

You passively map a small area around you.
You are easily found by Zot.
You glow in the dark.
You regain HP and MP as you explore.


Message History

Your body is wracked with pain!
The adder convulses!
The scorpion convulses!
The jelly convulses!
The worm convulses!
The ogre convulses!
You feel sick. The scorpion stings you. The adder barely misses you.
Really read the scroll of immolation?
As you read the scroll of immolation {!d}, it crumbles to dust.
The creatures around you are filled with an inner flame!
You feel sick. The scorpion barely misses you.
The adder bites you but does no damage.
The scorpion stings you but does no damage.
The worm bites you.
* * * LOW HITPOINT WARNING * * *
Really quaff
M - a potion of heal wounds {!q!d}?
You feel much better.
You feel sick. The adder bites you but does no damage. The scorpion stings you.
You are more poisoned.
The scorpion poisons you!
You barely miss the adder.
The adder is moderately wounded.
You feel very sick. The adder closely misses you. The scorpion stings you.
The worm bites you! The adder completely misses you.
You closely miss the adder.
The adder is moderately wounded.
You feel sick. The scorpion completely misses you. The adder barely misses you.
You hit the scorpion.
Flame seeps out of the scorpion.
The scorpion is almost dead.
You feel sick.
The scorpion is engulfed in blazing flames.
The scorpion explodes!
You feel a bit more experienced.
The fiery explosion engulfs the ogre!!!
The fiery explosion engulfs the adder!!
The fiery explosion engulfs the jelly!!
The fiery explosion engulfs the ufetubus!!!
The ufetubus is burned terribly!
The fiery explosion engulfs you!
* * * LOW HITPOINT WARNING * * *
The ufetubus explodes!
The fiery explosion engulfs the worm!!
The worm explodes!
The fiery explosion engulfs you!!
Ouch! That really hurt!
You die...

... , #.# *** ...... ..#..
, , * ......,*,,,..## , ,,
....... ,..### ,
.......#####....#.,..#* ,
........§§§.........# ./.
#...[.§§§§§........###... ,
#.....)○§§§........#.....
#......#@.§........#.....
*#.....5#...........#.....
,#....lO#....#...#........
,
,#......#....#............
, #.....J#....#..........##
, ,,
#......######............
.<..#....#######+##........
*
.............##...##'##....
..........J..J....#...#....


There were no monsters in sight!

Vanquished Creatures
  An ogre (D:5)
  A phantom (D:3)
  A scorpion (D:5)
  A jelly (D:5)
  An iguana (D:5)
  3 adders
  An ufetubus (D:5)
  4 worms
  2 dart slugs
  3 orcs (D:3)
  8 ball pythons
  A bat (D:2)
  2 endoplasms
  2 giant cockroaches
  4 goblins
  9 hobgoblins
  5 jackals (D:1)
  A kobold (D:3)
  A frilled lizard (D:1)
  A rat (D:2)
52 creatures vanquished.

Vanquished Creatures (others)
  2 plants (D:1)
2 creatures vanquished.

Grand Total: 54 creatures vanquished

Notes
Turn   | Place    | Note
-------+----------+-------------------------------------------
     0 | D:1      | buhh the Meteoran Transmuter began the quest for the Orb.
     0 | D:1      | Reached XP level 1. HP: 16/16 MP: 5/5
   109 | D:1      | Reached XP level 2. HP: 16/23 MP: 6/6
   217 | D:1      | Reached skill level 4 in Unarmed Combat
   285 | D:1      | Found a faded altar of an unknown god.
   369 | D:1      | Reached XP level 3. HP: 26/29 MP: 6/8
   503 | D:1      | Glimpsed the power of Zot.
   831 | D:3      | Reached XP level 4. HP: 20/37 MP: 9/9
  1022 | D:3      | Found a blossoming altar of Fedhas.
  1188 | D:4      | Noticed a phantom
  1194 | D:3      | Killed a phantom
  1195 | D:3      | Reached skill level 5 in Unarmed Combat
  1195 | D:3      | Reached XP level 5. HP: 46/46 MP: 10/10
  1282 | D:4      | Noticed a black bear
  1326 | D:5      | Entered Level 5 of the Dungeon
  1347 | D:5      | Noticed an ogre
  1377 | D:5      | Killed an ogre
  1377 | D:5      | Killed by an exploding worm... ignited by their inner flame

Illustrated notes

Levels and vault maps discovered:
D:1:      nicolae_arrival_somewhat_less_tricky_arrival, layout_loops_corners,
          serial_bayou, serial_bayou_shore_b, serial_bayou_crossing,
          serial_bayou_shore_a, serial_bayou_pond_b,
          hellmonk_ecumenical_altar_blasted
D:2:      layout_basic
D:3:      layout_loops_cross, fedhas_altar_fruit_tree
D:4:      layout_cave_pools, lemuel_doored_altar, serial_column_ruins,
          column_ruins_open_small, column_ruins_open_small,
          column_ruins_columns_water, column_ruins_open_large,
          column_ruins_columns_straight, column_ruins_grid_1,
          column_ruins_open_tiny, minmay_misc_feat_plants, grunt_ministairs_7,
          hangedman_decor_push
D:5:      lemuel_ice_spiral_2, layout_basic

Skill      XL: |  1  2  3  4 |
---------------+-------------+-----
Unarmed Combat | 4 5 |  5.6
Fighting       | 2 3 |  3.9
Dodging        | |  2.4
Spellcasting   | |  2.6
Transmutations | |  2.4

Action                   |  1- 3 |  4- 6 || total
-------------------------+-------+-------++-------
Melee: Unarmed           |    53 |    48 ||   101
       Kick              |    13 |     9 ||    22
       Headbutt          |     6 |     5 ||    11
       Punch             |     2 |     1 ||     3
 Cast: Beastly Appendage |    13 |    10 ||    23
Evoke: Wand              |       |     1 ||     1
  Use: Scroll            |     2 |     7 ||     9
       Potion            |       |     5 ||     5
 Stab: Sleeping          |     1 |       ||     1
Armor: Robe              |     7 |    15 ||    22
       Skin              |       |     2 ||     2
Dodge: Dodged            |    21 |    48 ||    69

Table legend: (Time is in decaauts)
 A = Elapsed time spent in this place.
 B = Non-inter-level travel time spent in this place.
 C = Inter-level travel time spent in this place.
 D = Time resting spent in this place.
 E = Time spent auto-exploring this place.
 F = Levels seen in this place.
 G = Mean time per level.
                   A        B        C        D        E       F      G
               +--------+--------+--------+--------+--------+-----+--------+
         Total |   1367 |   1336 |     31 |    119 |    426 |   5 |  273.4 |
       Dungeon |   1367 |   1336 |     31 |    119 |    426 |   5 |  273.4 |
               +--------+--------+--------+--------+--------+-----+--------+

Top non-repeatable levels by time:
     D:1: 531 daAuts
     D:3: 435 daAuts
     D:2: 240 daAuts
     D:4: 111 daAuts
     D:5: 50 daAuts
